AoeStats
← Evinrude

Arabia

509580089Analyzed
1v1 RM · 6d ago on Sep 27, 2026· 55m 56s· 2 players
Game mode
Random Map
Map size
Tiny (2 player)
Population
200
Speed
Normal
Resources
Standard
Victory
Conquest
Starting age
Dark Age
Ending age
Imperial Age
RankedLock teamsTeams togetherTeam positionsShared explorationLock speedFull tech treeHidden civsTurbo modeCheats
Victory
Defeat
🇬🇧 Britons · United Kingdom
519
+18
🇫🇷 Spanish · France
569
-18
ralphwatson
11:12 Feudal Age
15:37 Castle Age
15:38 Double-Bit Axe
15:55 Horse Collar
19:35 Fletching
19:24 Man-at-Arms
20:20 Crossbowman
21:39 Gold Mining
23:46 Scale Mail Armor
23:58 Padded Archer Armor
24:34 Long Swordsman
25:02 Arson
25:39 Pikeman
28:12 Squires
35:52 Leather Archer Armor
35:32 Bodkin Arrow
36:58 Wheelbarrow
37:08 Ballistics
42:40 Imperial Age
42:58 Chain Mail Armor
42:55 Forging
44:29 Hand Cart
44:54 Ring Archer Armor
44:25 Bracer
44:46 Elite Skirmisher
45:25 Arbalester
47:38 Bow Saw
47:30 Halberdier
49:19 Chemistry
48:54 Plate Mail Armor
49:00 Iron Casting
50:05 Warwolf
Evinrude
11:07 Feudal Age
15:50 Scale Barding Armor
20:54 Castle Age
23:16 Ballistics
24:11 Husbandry
24:25 Bloodlines
24:16 Double-Bit Axe
25:35 Forging
25:37 Horse Collar
28:43 Husbandry
29:57 Gold Mining
29:59 Stone Mining
35:56 Chain Barding Armor
36:12 Iron Casting
40:36 Murder Holes
41:48 Wheelbarrow
41:55 Town Watch
42:43 Thumb Ring
50:37 Imperial Age
51:12 Masonry
53:25 Chemistry
Connection lost

Rejoining the realm…

Still unreachable

The connection could not be restored.

Session expired

The server has moved on; the page needs a fresh start.